 Dungeon Crawl Stone Soup version 0.24.0-13-gcf9b3192b9 (webtiles) character file.

Game seed: 13512872445475017570, levelgen mode: deterministic

14 Nattfarinn the Vexing (level 2, -4/15 HPs)
             Began as a Vampire Enchanter on Nov 10, 2019.
             Slain by a gnoll
             ... wielding a +0 whip
              (10 damage)
             ... on level 1 of the Dungeon.
             The game lasted 00:01:44 (387 turns).

Nattfarinn the Vexing (Vampire Enchanter)            Turns: 387, Time: 00:01:45

Health: -4/15      AC:  2    Str:  7    XL:     2   Next: 27%
Magic:  4/5        EV: 12    Int: 17    God:
Gold:   18         SH:  0    Dex: 14    Spells: 2/5 levels left

rFire    . . .     SeeInvis +   a - +1 dagger
rCold    + + .     Gourm    .   (no shield)
rNeg     + + +     Faith    .   b - +0 robe
rPois    ∞         Spirit   .   (no helmet)
rElec    .         Reflect  .   (no cloak)
rCorr    .         Harm     .   (no gloves)
MR       .....                  (no boots)
Stlth    +++++.....             (no amulet)
HPRegen  0.00/turn              (no ring)
MPRegen  0.09/turn              (no ring)

@: bloodless, regenerating quickly
A: no food, fangs 3, see invisible, unbreathing
a: Revivify


You were on level 1 of the Dungeon.
You were bloodless.

You visited 1 branch of the dungeon, and saw 1 of its levels.

You collected 18 gold pieces.

Inventory:

Hand Weapons
 a - a +1 dagger (weapon)
Armour
 b - a +0 robe (worn)
Scrolls
 d - a scroll of random uselessness {unknown}
Potions
 c - a potion of ambrosia {unknown}


   Skills:
 - Level 1.1 Short Blades
 - Level 2.1 Dodging
 + Level 4.8 Stealth
 - Level 2.0 Spellcasting
 * Level 5.1 Hexes
 + Level 0.2 Ice Magic


You had 2 spell levels left.
You knew the following spells:

 Your Spells              Type           Power        Failure   Level  Hunger
a - Corona                Hex            ###....      2%          1    N/A
b - Ensorcelled Hibernat  Hex/Ice        ##....       10%         2    N/A

Your spell library contained the following spells:

 Spells                   Type           Power        Failure   Level  Hunger
 Confuse                  Hex            ###.....     7%          3    N/A
 Tukima's Dance           Hex            ###.....     7%          3    N/A
 Dazzling Spray           Conj/Hex       ##....       21%         3    N/A

Dungeon Overview and Level Annotations

Branches:
Dungeon (1/15)

Altars:


Innate Abilities, Weirdness & Mutations

You do not eat.
You do not regenerate when monsters are visible.
You are frail without blood (-20% HP).
You can heal yourself when you bite living creatures.
You are immune to poison.
You have razor-sharp teeth.
You have supernaturally acute eyesight. (SInv)
You can survive without breathing.


Message History

A gnoll comes into view. It is wielding a +0 whip.
The gnoll shouts!
You hear a bark!
You hear a shout!
A goblin comes into view.
Casting: Corona (safe; 2% risk of failure)
Confirm with . or Enter, or press ? or * to list all spells.
Aiming: Corona (safe; 2% risk of failure)
Press: ? - help, Shift-Dir - straight line, f - gnoll
Aim: a gnoll, wielding a +0 whip (chance to defeat MR: 66%)
The gnoll is outlined in light.
The gnoll barely misses you.
You barely miss the gnoll.
A jackal comes into view.
The gnoll hits you with a +0 whip.
You hit the gnoll.
The gnoll is lightly wounded.
The gnoll hits you with a +0 whip.
You hit the gnoll.
The gnoll is moderately wounded.
The gnoll hits you with a +0 whip!
Ouch! That really hurt!
You die...

≈≈##..........#
#.#
####..........#
#.# #..........#
#.# #..........#
#.# #..........#
#.# #..........#
#.#
#..........###.#
#...........##.##
#..........hg@..#
#...........##..#
###########..#..#
########.#..#
#....g......#
#...........#
.............#
...........>.#
...............


You could see a gnoll and a jackal.

Vanquished Creatures
  An ooze (D:1)
  2 hobgoblins (D:1)
  A ball python (D:1)
  2 bats (D:1)
  3 kobolds (D:1)
  A rat (D:1)
10 creatures vanquished.

Notes
Turn   | Place    | Note
-------+----------+-------------------------------------------
     0 | D:1      | Nattfarinn the Vampire Enchanter began the quest for the
                  | Orb.
     0 | D:1      | Reached XP level 1. HP: 13/13 MP: 3/3
   103 | D:1      | Reached skill level 5 in Hexes
   103 | D:1      | Reached XP level 2. HP: 15/15 MP: 5/5
   107 | D:1      | Learned a level 2 spell: Ensorcelled Hibernation
   387 | D:1      | Slain by a gnoll

Levels and vault maps discovered:
D:1:      lightli_arrival_flooded_house, layout_basic, minmay_misc_feat_rugged

Skill      XL: |  1 |
---------------+----+-----
Hexes          | 5 |  5.1
Short Blades   | |  1.1
Dodging        | |  2.1
Stealth        | |  4.8
Spellcasting   | |  2.0
Ice Magic      | |  0.2

Action                   || total
-------------------------++-------
Melee: Dagger            ||    34
       Bite              ||     5
 Cast: Corona            ||     6
 Abil: Exsanguinate      ||     1
 Stab: Sleeping          ||     3
Armor: Robe              ||     4
Dodge: Dodged            ||    19
